 Dungeon Crawl Stone Soup version 0.29.0-5-ge4962eb29e (webtiles) character file.

Game seed: 14382986852340947708

53 Ordine the Magician (level 3, -2/19 HPs)
             Began as a Deep Elf Hedge Wizard on Aug 28, 2022.
             Slain by an orc
             ... wielding a +0 dagger of venom
              (3 damage)
             ... on level 3 of the Dungeon.
             The game lasted 00:08:45 (2663 turns).

Ordine the Magician (Deep Elf Hedge Wizard)         Turns: 2663, Time: 00:08:48

Health: -2/19      AC:  4    Str:  7    XL:     3   Next: 64%
Magic:  4/11       EV: 13    Int: 20    God:
Gold:   212        SH:  0    Dex: 14    Spells: 2/11 levels left

rFire   . . .      SeeInvis .   a - +1 dagger (venom)
rCold   . . .      Faith    .   (no shield)
rNeg    . . .      Spirit   .   b - +0 robe
rPois   .          Reflect  .   k - +1 hat
rElec   .          Harm     .   (no cloak)
rCorr   .          Rampage  .   i - +0 pair of gloves
Will    .....                   (no boots)
Stlth   ++........              (no amulet)
HPRegen 0.06/turn               (no ring)
MPRegen 0.12/turn               (no ring)

@: lethally poisoned (-2 -> -11), flying
A: no striking features
a: no special abilities


You were on level 3 of the Dungeon.
You visited 1 branch of the dungeon, and saw 4 of its levels.

You collected 212 gold pieces.

Inventory:

Hand Weapons
 a - a +1 dagger of venom (weapon)
Armour
 b - a +0 robe (worn)
 i - a +0 pair of gloves (worn)
 k - a +1 hat (worn)
Scrolls
 c - a scroll of blinking {unknown}
 e - 3 scrolls of identify {unknown}
 f - 3 scrolls of teleportation {unknown}
 g - a scroll of brand weapon {unknown}
 h - a scroll of immolation {unknown}
 j - 2 scrolls of enchant weapon {unknown}
 m - a scroll of poison {unknown}
Potions
 d - a potion of magic


   Skills:
 - Level 3.0 Dodging
 - Level 3.0 Stealth
 + Level 4.6 Spellcasting
 * Level 2.3 Conjurations
 + Level 1.5 Summonings
 + Level 1.5 Translocations
 + Level 0.2 Fire Magic
 + Level 0.2 Air Magic


You had 2 spell levels left.
You knew the following spells:

 Your Spells              Type           Power      Damage    Failure   Level
a - Magic Dart            Conj           56%        1d5       4%          1
b - Blink                 Tloc           20%        N/A       10%         2
c - Conjure Flame         Conj/Fire      9%         6-21      22%         3
d - Mephitic Cloud        Conj/Pois/Air  8%         N/A       26%         3

Your spell library contained the following spells:

 Spells                   Type           Power      Damage    Failure   Level
 Call Imp                 Summ           11%        N/A       10%         2
 Slow                     Hex            16%        N/A       12%         1
 Poisonous Vapours        Pois/Air       10%        N/A       17%         2
 Corpse Rot               Necr/Pois/Air  5%         N/A       75%         4
 Borgnjor's Revivificati  Necr           2%         N/A       100%        8
 Necromutation            Tmut/Necr      2%         N/A       100%        8
 Death's Door             Necr           2%         N/A       100%        9


Dungeon Overview and Level Annotations

Branches:
Dungeon (4/15)
 Temple: D:4-7

Altars:


Message History

The magic dart hits the orc wizard.
The orc wizard is heavily wounded.
A goblin comes into view. It is wielding a +0 club.
The magic dart hits the orc wizard.
The orc wizard is severely wounded.
The goblin shouts!
The orc wizard casts a spell at you. The magic dart hits you.
The magic dart hits the orc wizard.
The orc wizard is severely wounded.
The magic dart hits the orc wizard but does no damage.
The orc wizard is severely wounded.
The magic dart hits the orc wizard but does no damage.
The orc wizard is severely wounded.
An orc comes into view. It is wielding a +0 whip.
The magic dart hits the orc.
The orc is heavily wounded.
The orc closely misses you.
The orc wizard points at you and mumbles some strange words.
You are confused.
You're too confused to move!
The orc hits you but does no damage.
You are poisoned.
The orc wizard hits you with a +1 dagger of venom.
You are lethally poisoned!
The orc attacks as you move away! The orc barely misses you.
You feel very sick.
The orc wizard casts a spell.
The orc wizard flickers and vanishes!
Deactivating autopickup; reactivate with Ctrl-A.
The orc attacks as you move away! The orc barely misses you.
* * * LOW HITPOINT WARNING * * *
You feel very sick.
It was a potion of flight.
You feel very buoyant.
You fly up into the air.
You feel less confused.
* * * LOW HITPOINT WARNING * * *
You feel very sick.
The orc hits you with a +0 dagger of venom.
You die...

#.# ####.# #....#
############.##.#
#...............####
###.##...............#
#.......#####..#####.#
###.###.#......# ###.###
####'###@#.#...## #......
#.......o......# #.......
#......#o#.....##........
#.......g................
####...).................
##.####o..............
#....................
#....................
#.#####..............


You could see 3 orcs and a goblin.

Vanquished Creatures
  A worm (D:2)
  A dart slug (D:2)
  4 bats
  2 endoplasms (D:2)
  3 giant cockroaches
  2 goblins
  7 hobgoblins
  5 jackals
  2 quokkas
  4 ball pythons
  2 frilled lizards
  7 kobolds
  2 rats
42 creatures vanquished.

Notes
Turn   | Place    | Note
-------+----------+-------------------------------------------
     0 | D:1      | Ordine the Deep Elf Hedge Wizard began the quest for the
                  | Orb.
     0 | D:1      | Reached XP level 1. HP: 10/10 MP: 7/7
   388 | D:1      | Reached XP level 2. HP: 15/15 MP: 3/9
   494 | D:1      | Learned a level 2 spell: Blink
  1170 | D:2      | You fall into a shaft and drop 2 floors!
  1225 | D:2      | Found a faded altar of an unknown god.
  1329 | D:2      | Reached XP level 3. HP: 19/19 MP: 6/11
  1394 | D:2      | Learned a level 3 spell: Conjure Flame
  1398 | D:2      | Learned a level 3 spell: Mephitic Cloud
  2663 | D:3      | Slain by an orc

Illustrated notes

Levels and vault maps discovered:
D:1:      lemuel_arrival_tunnels, layout_loops_ring
D:2:      cheibrodos_helix_gallery, layout_basic,
          hellmonk_ecumenical_altar_lost_god
D:3:      layout_basic
D:4:      wad_pebble_path, layout_cave_pools, trog_three_pillars_becter,
          uniq_robin

Skill      XL: |  1  2  3 |
---------------+----------+-----
Conjurations   | 2 |  2.3
Stealth        | 3 |  3.0
Dodging        | 3 |  3.0
Spellcasting   | |  4.6
Summonings     | |  1.5
Translocations | |  1.5
Fire Magic     | |  0.2
Air Magic      | |  0.2

Action                   || total
-------------------------++-------
Melee: Dagger            ||     3
 Cast: Magic Dart        ||   120
  Use: Potion            ||     1
Armor: Robe              ||     3
Dodge: Dodged            ||    15
